 Dungeon Crawl Stone Soup version 0.22-a0-460-g49b1da7 (webtiles) character file.

3822 emperorscorpion the Cruncher (level 10, -6/63 HPs)
             Began as a Gargoyle Berserker on June 9, 2018.
             Was a High Priest of Trog.
             Mangled by a small abomination (7 damage)
             ... on level 7 of the Dungeon on June 10, 2018.
             The game lasted 00:13:39 (7255 turns).

emperorscorpion the Cruncher (Gargoyle Berserker)   Turns: 7255, Time: 00:13:40

Health: -6/63      AC: 22    Str: 35    XL:     10   Next: 17%
Magic:  10/10      EV: 11    Int:  7    God:    Trog [*****.]
Gold:   435        SH:  0    Dex: 10    Spells: 9/9 levels left

rFire    + . .     SeeInvis +   f - +2 quarterstaff of Circularity {crush, rC+ rN+ MR- SInv}
rCold    + . .     Gourm    .   (shield currently unavailable)
rNeg     + + .     Faith    .   k - +1 chain mail {rF+}
rPois    ∞         Spirit   .   (no helmet)
rElec    +         Reflect  .   w - +0 cloak
rCorr    .         Harm     .   (no gloves)
MR       .....                  (no boots)
Stlth    ..........             (no amulet)
HPRegen  0.20/turn              m - +6 ring of strength
MPRegen  0.12/turn              n - ring of see invisible

@: mighty
A: slimy green scales 1, negative energy resistance 1, sense surroundings 1,
electricity resistance, unbreathing, petrification resistance, rot immunity, AC
+7
a: Berserk, Trog's Hand, Brothers in Arms, Renounce Religion


You were on level 7 of the Dungeon.
You worshipped Trog.
Trog was extremely pleased with you.
You were hungry.

You visited 1 branch of the dungeon, and saw 7 of its levels.

You collected 435 gold pieces.

Inventory:

Hand Weapons
 a - a +0 mace
 b - a +2 hand axe of flaming
 f - the +2 quarterstaff of Circularity (weapon) {crush, rC+ rN+ MR- SInv}
   (You found it on level 4 of the Dungeon)

   It inflicts extra damage upon your enemies.
   It protects you from cold.
   It protects you from negative energy.
   It affects your resistance to hostile enchantments.
   It lets you see invisible.
 p - a +0 trident
Missiles
 g - 56 poisoned needles
 o - 10 tomahawks (quivered)
 I - 6 needles of paralysis
Armour
 e - a +0 animal skin
 k - a +1 chain mail of fire resistance (worn)
 w - a +0 cloak (worn)
 C - the +5 plate armour of Nataig {rPois Slay-4 SInv Stlth+}
   (You found it on level 6 of the Dungeon)

   It affects your accuracy and damage with ranged weapons and melee attacks
   (-4).
   It protects you from poison.
   It lets you see invisible.
   It makes you more stealthy.
Jewellery
 m - a +6 ring of strength (left hand)
 n - a ring of see invisible (right hand)
Wands
 j - a wand of clouds (8)
 z - a wand of acid (7)
 A - a wand of flame (33)
 B - a wand of digging (12)
 K - a wand of polymorph (13)
Scrolls
 i - 4 scrolls of remove curse
 y - a scroll of fog
 D - a scroll of random uselessness {unknown}
 E - 2 scrolls of amnesia {unknown}
 G - 2 scrolls of identify
 H - a scroll of torment {unknown}
Potions
 d - 3 potions of degeneration
 h - 2 potions of curing
 q - 2 potions of flight
 t - a potion of invisibility {unknown}
 u - 2 potions of haste {unknown}
 v - 3 potions of lignification {unknown}
 x - a potion of berserk rage {unknown}
 F - a potion of agility {unknown}
Comestibles
 c - 12 rations


   Skills:
 + Level 7.2 Fighting
 - Level 4.8(7.9) Maces & Flails
 + Level 9.6(10.1) Staves
 + Level 7.5 Armour
 + Level 3.7 Dodging
 + Level 1.4 Stealth


You had 9 spell levels left.
You didn't know any spells.
Your spell library was empty.

Dungeon Overview and Level Annotations

Branches:
Dungeon (7/15)             Temple (0/1) D:5

Altars:
Okawaru
Lugonu


Innate Abilities, Weirdness & Mutations

You are resistant to torment.
Your stone body is resilient. (AC +7)
You are immune to poison.
You resist negative energy. (rN+)
You are resistant to electric shocks. (rElec)
You can survive without breathing.
You are immune to petrification.
You are immune to rotting.
You are partially covered in slimy green scales. (AC +2)
You passively map a small area around you.


Message History

You are engulfed in flames!
You resist.
* * * LOW HITPOINT WARNING * * *
The small abomination hits you.
* * * LOW HITPOINT WARNING * * *
The small abomination barely misses you.
The small abomination hits you but does no damage.
You closely miss the small abomination.
The small abomination is severely damaged.
Your surroundings seem slightly different.
The unseen horror hits you.
* * * LOW HITPOINT WARNING * * *
It was a potion of mutation.
You feel extremely strange.
You feel a strange attunement to the structure of the dungeons.
Slimy green scales grow over part of your body.
The unseen horror closely misses you.
The small abomination closely misses you.
It was a potion of might.
You feel very mighty all of a sudden. The unseen horror barely misses you.
The small abomination hits you!
You die...

#.). ###########...
#########......##.....
##..............##.#...
#...######.........##..
######§##* ####.....#..###.
##..###.# .###.....##.....
#.©.x#######x.######........
#..xx#####x@#, #.....(..#...
##xu.x###.u.#* #..#####..###
###x.xx.x.## ##....####.##.
##.$u$.#####..##.........
#.?_!.# #..#######..###.
##.)[).###### #.## #. #
##.......# ###.####.
########x?.###...# #........
....##.#u.#####..#,
##....##)#


You could see 2 ugly things, an unseen horror (invisible) and 4 small
abominations.

Vanquished Creatures
  An ugly thing (D:7)
  A cyclops (D:7)
  The ghost of LairdRich the Chopper, an amateur MiBe of Trog (D:5)
  2 hippogriffs
  Sigmund (D:6)
  The ghost of emperorscorpion the Firebug, an amateur DEFE of Vehumet (D:4)
  A water moccasin (D:6)
  3 sky beasts
  A phantom (D:4)
  2 ogres
  2 centaurs
  2 bullfrogs (D:7)
  A scorpion (D:7)
  3 wights (D:7)
  2 howler monkeys
  A crimson imp (D:5)
  A centaur skeleton (D:4)
  A hound (D:7)
  3 jellies
  A bullfrog skeleton (D:6)
  4 orc priests
  2 iguanas (D:6)
  5 orc wizards
  6 worker ants
  A killer bee zombie (D:7)
  A worker ant zombie (D:6)
  7 gnolls
  A howler monkey skeleton (D:6)
  10 adders
  A shadow imp (D:6)
  3 oozes
  3 adder skeletons
  An adder zombie (D:6)
  4 worms
  4 dart slugs
  6 leopard geckos
  18 orcs
  5 giant cockroaches
  17 goblins
  11 hobgoblins
  3 jackals (D:2)
  10 kobolds
  3 quokkas
  8 bats
  6 frilled lizards
  A leopard gecko skeleton (D:7)
  10 rats
182 creatures vanquished.

Notes
Turn   | Place    | Note
-------+----------+-------------------------------------------
     0 | D:1      | emperorscorpion the Gargoyle Berserker began the quest for the Orb.
     0 | D:1      | Reached XP level 1. HP: 14/14 MP: 1/1
   102 | D:1      | Reached XP level 2. HP: 12/19 MP: 2/2
   740 | D:1      | Reached XP level 3. HP: 24/24 MP: 3/3
   774 | D:1      | Reached ** piety under Trog
  1474 | D:2      | Reached XP level 4. HP: 29/29 MP: 4/4
  1977 | D:3      | Reached XP level 5. HP: 33/33 MP: 5/5
  2028 | D:3      | Reached *** piety under Trog
  2380 | D:3      | Found an iron altar of Okawaru.
  2877 | D:3      | Reached XP level 6. HP: 27/39 MP: 6/6
  3146 | D:4      | Got an iridescent quarterstaff
  3147 | D:4      | Identified the cursed +2 quarterstaff of Circularity {crush, rC+ rN+ MR- SInv} (You found it on level 4 of the Dungeon)
  3276 | D:4      | Noticed emperorscorpion's ghost (amateur DEFE)
  3299 | D:4      | Killed emperorscorpion's ghost
  3607 | D:4      | Noticed a phantom
  3638 | D:4      | Killed a phantom
  3638 | D:4      | Reached skill level 5 in Fighting
  3638 | D:4      | Reached skill level 1 in Staves
  3638 | D:4      | Reached XP level 7. HP: 37/44 MP: 7/7
  3782 | D:4      | You fall through a shaft for 3 floors!
  3808 | D:7      | Noticed a cyclops
  3873 | D:7      | Reached skill level 2 in Staves
  3873 | D:7      | Reached skill level 5 in Armour
  3920 | D:6      | Reached **** piety under Trog
  3926 | D:6      | Reached skill level 3 in Staves
  4068 | D:5      | Entered Level 5 of the Dungeon
  4073 | D:5      | Reached XP level 8. HP: 48/49 MP: 8/8
  4118 | D:5      | Noticed LairdRich's ghost (amateur MiBe)
  4133 | D:5      | Killed LairdRich's ghost
  4133 | D:5      | Reached skill level 4 in Staves
  4656 | D:5      | Reached skill level 5 in Staves
  4698 | D:5      | Reached skill level 1 in Stealth
  5084 | D:5      | Found a staircase to the Ecumenical Temple.
  5169 | D:5      | Reached skill level 6 in Staves
  5206 | D:6      | Reached XP level 9. HP: 55/55 MP: 9/9
  5410 | D:6      | Noticed Sigmund
  5422 | D:6      | Killed Sigmund
  5503 | D:6      | Reached skill level 7 in Staves
  6007 | D:6      | Got a pitted plate armour
  6018 | D:6      | Identified the +5 plate armour of Nataig {rPois Slay-4 SInv Stlth+} (You found it on level 6 of the Dungeon)
  6227 | D:6      | Reached skill level 8 in Staves
  6455 | D:7      | Reached ***** piety under Trog
  6683 | D:7      | Killed a cyclops
  6683 | D:7      | Reached skill level 9 in Staves
  6683 | D:7      | Reached XP level 10. HP: 25/63 MP: 10/10
  6960 | D:7      | Found a transporter.
  6963 | D:7      | Found a corrupted altar of Lugonu.
  6965 | D:7      | Noticed an unseen horror
  6966 | D:7      | Noticed a red ugly thing
  6966 | D:7      | Noticed a green ugly thing
  6967 | D:7      | Noticed a red ugly thing
  6969 | D:7      | Found a transporter.
  6975 | D:7      | Noticed a white ugly thing
  6984 | D:7      | Killed a white ugly thing
  7251 | D:7      | HP: 3/63 [small abomination (3)]
  7253 | D:7      | HP: 1/63 [unseen horror (2)]
  7254 | D:7      | Gained mutation: You passively map a small area around you. [potion of mutation]
  7254 | D:7      | Gained mutation: You are partially covered in slimy green scales. (AC +2) [potion of mutation]
  7255 | D:7      | Mangled by a small abomination

Vault maps used:
D:1:      nagdon_arrival_double_spiral, minmay_pentomino_x2
D:2:      serial_corexii_hall, corexii_hall_statues_u, corexii_hall_statues_u
D:3:      okawaru_altar_gauntlet_db
D:4:      cheibrodos_greedy_goblins
D:5:      minmay_temple_entry_enclosed_plants, first_ration,
          minmay_misc_feat_columns
D:6:      uniq_sigmund
D:7:      gammafunk_corrupted_shrine

Skill      XL: |  1  2  3  4  5  6  7  8  9 |
---------------+----------------------------+-----
Dodging        | 2 3 |  3.7
Fighting       | 4 5 6 7 |  7.2
Maces & Flails | 4 |  4.8
Armour         | 3 4 5 6 7 |  7.5
Staves         | 1 3 6 9 |  9.6
Stealth        | 1 |  1.4

Action                   |  1- 3 |  4- 6 |  7- 9 | 10-12 || total
-------------------------+-------+-------+-------+-------++-------
Melee: Mace              |   132 |   219 |       |       ||   351
       Quarterstaff      |       |    69 |   259 |    16 ||   344
Invok: Berserk           |     2 |     1 |     2 |     1 ||     6
       Trog's Hand       |       |       |     1 |       ||     1
  Use: Scroll            |     1 |     8 |     1 |     1 ||    11
       Potion            |       |       |     1 |     2 ||     3
  Eat: Chunk             |     4 |     8 |    12 |     2 ||    26
Armor: Animal skin       |    68 |       |       |       ||    68
       Chain mail        |     7 |   241 |   149 |    25 ||   422
Dodge: Dodged            |   133 |   185 |   126 |    25 ||   469

Table legend:
 A = Spawn XP
 B = Non-spawn XP
 C = Spawn XP percentage of total XP
 D = Spawn monster count
 E = Non-spawn monster count
 F = Spawn count percentage of total count
 G = Total turns spent on level
                    A         B        C        D         E        F      G
               +---------+---------+-------+---------+---------+-------+---------
         Total |       0 |    5460 |   0.0 |       0 |     182 |   0.0 |  7255
               +---------+---------+-------+---------+---------+-------+---------
           D:1 |       0 |      45 |   0.0 |       0 |      26 |   0.0 |  1024
           D:2 |       0 |     105 |   0.0 |       0 |      25 |   0.0 |   869
           D:3 |       0 |     173 |   0.0 |       0 |      34 |   0.0 |  1186
           D:4 |       0 |     445 |   0.0 |       0 |      28 |   0.0 |  1022
           D:5 |       0 |    1143 |   0.0 |       0 |      20 |   0.0 |   809
           D:6 |       0 |    1502 |   0.0 |       0 |      29 |   0.0 |  1241
           D:7 |       0 |    2047 |   0.0 |       0 |      20 |   0.0 |  1104
               +---------+---------+-------+---------+---------+-------+---------
